AoeStats
← Ze taboca5485

MegaRandom

510433588Analyzed
4v4 RM · 1d ago on Oct 1, 2026· 39m 36s· 8 players
Game mode
Random Map
Map size
Large (8 player)
Population
200
Speed
Normal
Resources
Standard
Victory
Conquest
Starting age
Dark Age
Ending age
Imperial Age
RankedLock teamsTeams togetherTeam positionsShared explorationLock speedFull tech treeHidden civsTurbo modeCheats
Victory
Defeat
🇨🇱 Khitans · Chile
751
+14
🇨🇱 Britons · Chile
667
+17
🇨🇱 Wu · Chile
589
+20
🇨🇱 Saracens · Chile
579
+20
🇧🇷 Huns · Brazil
701
-18
🇧🇷 Sicilians · Brazil
694
-44
🇧🇷 Britons · Brazil
693
-18
🇧🇷 Italians · Brazil
658
-17
victorcherack
0:49 Loom
13:39 Feudal Age
15:02 Wheelbarrow
14:45 Fishing Lines
18:49 Double-Bit Axe
20:52 Bloodlines
21:16 Town Watch
27:48 Castle Age
29:28 Fletching
32:41 Town Patrol
32:38 Bodkin Arrow
34:28 Scale Barding Armor
34:29 Husbandry
36:26 Pikeman
38:38 Ballistics
38:14 Murder Holes
Tiienty
3:11 Loom
14:05 Feudal Age
14:44 Double-Bit Axe
17:24 Fishing Lines
19:53 Castle Age
20:25 Forging
21:33 Husbandry
21:57 Gillnets
22:32 Domestication
23:53 Gold Mining
26:55 Iron Casting
28:12 Pastoralism
35:26 Imperial Age
33:39 Scale Barding Armor
35:35 Wheelbarrow
36:49 Transhumance
36:03 Elite Steppe Lancer
37:05 Chain Barding Armor
37:32 Stone Mining
38:24 Bow Saw
39:41 Plate Barding Armor
leoleitogg
9:14 Loom
11:00 Feudal Age
22:02 Bloodlines
24:46 Castle Age
22:43 Fishing Lines
24:13 Scale Barding Armor
25:52 Double-Bit Axe
26:09 Town Watch
26:26 Gillnets
27:00 Husbandry
30:35 Chain Barding Armor
37:36 Imperial Age
38:17 Town Patrol
39:03 Capped Ram
ItSooGood
12:13 Feudal Age
14:16 Double-Bit Axe
18:14 Castle Age
17:07 Man-at-Arms
18:20 Long Swordsman
21:13 Wheelbarrow
20:29 Fishing Lines
21:27 Gold Mining
21:30 Stone Mining
21:29 Horse Collar
23:37 Bow Saw
25:27 Heavy Plow
27:03 Hand Cart
26:34 Town Watch
26:13 Crossbowman
28:47 Squires
28:32 Arson
28:41 Gambesons
28:47 Gambesons
32:09 Gold Shaft Mining
31:37 Town Patrol
32:45 Fletching
33:08 Forging
32:42 Pikeman
36:28 Imperial Age
36:36 Yeomen
37:03 Capped Ram
37:20 Elite Longbowman
37:46 Two-Handed Swordsman
38:35 Scale Mail Armor
38:30 Bodkin Arrow
40:14 Ballistics
40:54 Chemistry
halou157
13:40 Feudal Age
14:13 Double-Bit Axe
15:34 Gold Mining
17:27 Padded Archer Armor
17:17 Fletching
19:00 Arson
18:44 Man-at-Arms
27:19 Castle Age
26:41 Stone Mining
27:40 Wheelbarrow
29:05 Bow Saw
29:11 Town Watch
29:59 Crossbowman
30:45 Thumb Ring
34:58 Bodkin Arrow
36:33 Murder Holes
42:31 Imperial Age
Ze taboca5485
13:42 Feudal Age
12:00 Loom
14:47 Double-Bit Axe
15:42 Man-at-Arms
16:18 Gold Mining
17:43 Wheelbarrow
16:57 Horse Collar
22:42 Stone Mining
25:05 Castle Age
23:39 Arson
25:38 Bloodlines
26:06 Light Cavalry
27:40 Hand Cart
28:23 Pikeman
29:04 Squires
34:01 Murder Holes
37:15 Gold Shaft Mining
AP0LL00O
9:54 Feudal Age
18:43 Padded Archer Armor
18:34 Fletching
21:32 Man-at-Arms
25:15 Double-Bit Axe
28:52 Castle Age
30:01 Crossbowman
33:17 Leather Archer Armor
33:21 Bodkin Arrow
TokyoTV4173
19:51 Feudal Age
20:21 Horse Collar
21:26 Fishing Lines
25:32 Double-Bit Axe
29:10 Wheelbarrow
31:31 Stone Mining
31:31 Gold Mining
35:24 Loom
Connection lost

Rejoining the realm…

Still unreachable

The connection could not be restored.

Session expired

The server has moved on; the page needs a fresh start.